 Dungeon Crawl Stone Soup version 0.21-a0-143-g1ab7d47 (webtiles) character file.

6108 namelastname112 the Thaumaturge (level 10, -1/69 HPs)
             Began as a Purple Draconian Venom Mage on July 26, 2017.
             Was a Priest of Sif Muna.
             Slain by a two-headed ogre
             ... wielding a +0 giant spiked club
              (23 damage)
             ... on level 10 of the Dungeon.
             The game lasted 00:26:44 (13901 turns).

namelastname112 the Thaumaturge (DrVM)             Turns: 13901, Time: 00:26:44

Health: -1/69      AC: 10    Str: 12    XL:     10   Next: 58%
Magic:  11/24      EV: 12    Int: 18    God:    Sif Muna [***...]
Gold:   533        SH:  0    Dex: 11    Spells: 16/29 levels left

rFire    . . .     SeeInvis .   l - +0 dagger (distort)
rCold    . . .     Gourm    +   (no shield)
rNeg     . . .     Faith    .   (armour unavailable)
rPois    +         Spirit   .   (helmet restricted)
rElec    .         Reflect  .   (no cloak)
rCorr    .         Harm     .   v - +1 pair of gloves
MR       +....                  h - +0 pair of boots
Stlth    +++.......             c - amulet of the gourmand
HPRegen  0.21/turn              p - ring of poison resistance
MPRegen  0.19/turn              w - ring of stealth

@: no status effects
A: breathe power, unfitting armour, mutation resistance 1, cold-blooded, AC +7
a: Breathe Dispelling Energy, Divine Energy, Channel Magic, Renounce Religion


You were on level 10 of the Dungeon.
You worshipped Sif Muna.
Sif Muna was most pleased with you.
You were not hungry.

You visited 2 branches of the dungeon, and saw 11 of its levels.
You also visited: Sewer and Ossuary.

You collected 533 gold pieces.

Inventory:

Hand Weapons
 l - a +0 dagger of distortion (weapon)
Armour
 h - a +0 pair of boots (worn)
 v - a +1 pair of gloves (worn)
Jewellery
 c - an amulet of the gourmand (around neck)
 p - a ring of poison resistance (left hand)
 w - a ring of stealth (right hand)
 y - an uncursed amulet of regeneration
 A - an uncursed ring of ice
Wands
 e - a wand of confusion (12/48)
 q - a wand of confusion (23/48)
 F - a wand of digging (10/24)
 I - a wand of acid (0/15)
Scrolls
 d - 6 scrolls of amnesia
 j - 7 scrolls of remove curse
 r - a scroll of silence
 u - a scroll of teleportation
 x - a scroll of blinking
 J - 2 scrolls of fog
 K - a scroll of fear
Potions
 f - 3 potions of haste
 g - 5 potions of might
 o - a potion of berserk rage {unknown}
 s - 3 potions of curing
 z - 3 potions of brilliance {unknown}
 B - 2 potions of flight {unknown}
 C - a potion of invisibility
 D - 4 potions of heal wounds
 E - a potion of resistance
Books
 a - a Young Poisoner's Handbook

   Spells                             Type                      Level
   a - Sting                          Conjuration/Poison           1
   b - Poisonous Vapours              Poison/Air                   2
   c - Mephitic Cloud                 Conjuration/Poison/Air       3
   d - Olgreb's Toxic Radiance        Poison                       4
   e - Venom Bolt                     Conjuration/Poison           5
 t - a book of Misfortune

   Spells                             Type                      Level
   a - Confusing Touch                Hexes                        1
   b - Confuse                        Hexes                        3
   c - Gell's Gravitas                Translocation                3
   d - Petrify                        Transmutation/Earth          4
   e - Metabolic Englaciation         Hexes/Ice                    5
   f - Yara's Violent Unravelling     Hexes/Transmutation          5
 H - a book of Minor Magic

   Spells                             Type                      Level
   a - Magic Dart                     Conjuration                  1
   b - Blink                          Translocation                2
   c - Call Imp                       Summoning                    2
   d - Slow                           Hexes                        2
   e - Conjure Flame                  Conjuration/Fire             3
   f - Mephitic Cloud                 Conjuration/Poison/Air       3
Comestibles
 b - 7 bread rations
 i - 3 meat rations
 k - 18 fruits
 n - 2 royal jellies


   Skills:
 - Level 1.7 Dodging
 - Level 1.7 Stealth
 + Level 10.1 Spellcasting
 + Level 9.2 Conjurations
 - Level 5.5 Poison Magic
 + Level 9.1 Invocations


You had 16 spell levels left.
You knew the following spells:

 Your Spells              Type           Power        Failure   Level  Hunger
a - Olgreb's Toxic Radia  Pois           ####....     8%          4    ###....
b - Sting                 Conj/Pois      ####         1%          1    None
c - Conjure Flame         Conj/Fire      ####....     3%          3    None
s - Blink                 Tloc           N/A          12%         2    None
x - Poisonous Vapours     Pois/Air       ###...       3%          2    None
z - Magic Dart            Conj           ####         1%          1    None


Dungeon Overview and Level Annotations

Branches:
Dungeon (10/15)            Temple (1/1) D:4            Lair (0/6) D:9
    Orc: D:9-12

Altars:
Ashenzari
Cheibriados
Dithmenos
Elyvilon
Fedhas
Gozag
Hepliaklqana
Kikubaaqudgha
Makhleb
Nemelex Xobeh
Okawaru
Qazlal
Ru
Sif Muna
Trog
Uskayaw
Vehumet
Wu Jian
Xom
Yredelemnul
Zin
The Shining One

Shops:
D:5 [   D:7 *%

Annotations:
D:4 Menkaure
D:7 braks's ghost, novice OpFi


Innate Abilities, Weirdness & Mutations

You can breathe bolts of dispelling energy.
Your rich purple scales are hard. (AC +7)
You cannot fit into any form of body armour.
You are cold-blooded and may be slowed by cold attacks.
You are somewhat resistant to further mutation.


Message History

You now have 16/24 mp.
Casting: Conjure Flame
Confirm with . or Enter, or press ? or * to list all spells.
Aiming: Conjure Flame
Press: ? - help, Dir - move target cursor The fire ignites!
The two-headed ogre is engulfed in blazing flames.
You now have 13/24 mp.
You hit the two-headed ogre but do no damage.
The two-headed ogre is moderately wounded.
The two-headed ogre is engulfed in blazing flames.
The two-headed ogre hits you with a giant spiked club!
The two-headed ogre hits you with a giant club!
You take 21 damage, and have 39/69 hp.
MASSIVE DAMAGE!!
Casting: Conjure Flame
Confirm with . or Enter, or press ? or * to list all spells.
You blink.
You are engulfed in blazing flames.
The two-headed ogre is engulfed in blazing flames.
The two-headed ogre hits you with a giant spiked club!!
You die...

#########
........######
.........#...#
.....$...#§#
.#............#O#
.............#@#
#..............#
#...........#..#
#....†......##...#
#...........######
#...........#
#...........#
#####.#######
#...#


You could see a two-headed ogre.

Vanquished Creatures
  An unseen horror (D:10)
  The ghost of p0werm0de the Destroyer, a novice DsAE of Ashenzari (D:8)
  Psyche (D:10)
  A komodo dragon (D:9)
  2 trolls (D:10)
  Prince Ribbit (D:6)
  A wraith (D:10)
  A hungry ghost (D:10)
  3 water moccasins
  An ice beast (D:8)
  A phantom (D:8)
  An orc warrior (D:9)
  7 ogres
  2 centaurs
  A crocodile (Sewer)
  3 bullfrogs
  3 water moccasin zombies (Ossuary)
  5 scorpions
  A wyvern skeleton (D:9)
  5 wights (D:9)
  4 crimson imps
  A bullfrog zombie (D:5)
  A quasit (D:6)
  3 hounds
  2 jellies
  4 orc priests
  A bullfrog skeleton (D:5)
  Jessica (D:3)
  3 iguanas
  7 orc wizards
  8 worker ants
  A killer bee zombie (D:8)
  2 big kobold zombies (Ossuary)
  A hound zombie (D:6)
  A hound skeleton (D:6)
  2 mummies (Ossuary)
  2 worker ant zombies
  Robin (D:2)
  3 gnolls (D:6)
  A howler monkey skeleton (D:4)
  15 adders
  A river rat (D:6)
  3 shadow imps
  4 oozes
  7 adder zombies (Ossuary)
  4 worms
  2 dart slugs (D:1)
  3 leopard geckos
  12 orcs
  2 ball pythons
  5 bats
  5 giant cockroaches
  16 goblins
  8 hobgoblins
  11 jackals
  2 quokkas
  3 frilled lizards
  6 gnoll zombies (Ossuary)
  3 hobgoblin zombies (Ossuary)
  12 kobolds
  7 kobold zombies (Ossuary)
  3 orc zombies (Ossuary)
  A quokka skeleton (D:5)
  3 rats
229 creatures vanquished.

Vanquished Creatures (others)
  An orc wizard (D:9)
  2 plants (D:9)
3 creatures vanquished.

Grand Total: 232 creatures vanquished

Notes
Turn   | Place    | Note
-------+----------+-------------------------------------------
     0 | D:1      | namelastname112 the Draconian Venom Mage began the quest for the Orb.
     0 | D:1      | Reached XP level 1. HP: 14/14 MP: 3/3
   231 | D:1      | Reached XP level 2. HP: 20/20 MP: 1/5
   262 | D:1      | Learned a level 2 spell: Poisonous Vapours
   820 | D:2      | Reached XP level 3. HP: 26/26 MP: 4/6
  1048 | D:2      | Reached XP level 4. HP: 28/33 MP: 4/8
  1171 | D:2      | Noticed Robin
  1187 | D:2      | Found an iron altar of Okawaru.
  1229 | D:2      | Killed Robin
  1229 | D:2      | Reached skill level 3 in Spellcasting
  1428 | D:2      | Reached XP level 5. HP: 34/38 MP: 4/9
  1842 | D:3      | Noticed Jessica
  1845 | D:3      | Killed Jessica
  3061 | D:4      | Noticed an ogre
  3122 | D:4      | Killed an ogre
  3122 | D:4      | Reached XP level 6. HP: 45/45 MP: 2/11
  3252 | D:4      | Found a staircase to the Ecumenical Temple.
  3287 | Temple   | Entered the Ecumenical Temple
  3405 | Temple   | Became a worshipper of Sif Muna the Loreminder
  3445 | D:4      | Reached skill level 5 in Poison Magic
  3489 | D:4      | Found a glowing golden altar of the Shining One.
  3498 | D:4      | Found a basalt altar of Yredelemnul.
  3505 | D:4      | Reached skill level 4 in Spellcasting
  3505 | D:4      | Reached skill level 1 in Invocations
  3588 | D:4      | Found a hazy altar of Hepliaklqana.
  3635 | D:4      | Found a sparkling altar of Nemelex Xobeh.
  3922 | D:4      | Your scales start taking on a rich purple colour.
  3922 | D:4      | Reached skill level 5 in Spellcasting
  3922 | D:4      | Reached XP level 7. HP: 50/50 MP: 9/14
  4228 | D:4      | Noticed a profane servitor
  4294 | D:4      | Found a basalt altar of Yredelemnul.
  4378 | D:4      | Noticed Menkaure
  4504 | D:4      | Noticed an angel
  4536 | D:5      | Entered Level 5 of the Dungeon
  4701 | D:5      | Learned a level 4 spell: Olgreb's Toxic Radiance
  4887 | D:5      | Found Tennuam's Antique Armour Shoppe.
  5066 | D:5      | Found an ornate altar of the Wu Jian Council.
  5300 | D:6      | Reached skill level 5 in Conjurations
  5386 | D:6      | Gained mutation: Your body sometimes deteriorates upon taking damage. [potion of mutation]
  5386 | D:6      | Gained mutation: You have very sharp teeth. [potion of mutation]
  5386 | D:6      | Gained mutation: You have large cloven feet. [potion of mutation]
  5451 | D:6      | Found an ancient bone altar of Kikubaaqudgha.
  5538 | D:6      | Found a glowing drain.
  5542 | Sewer    | Entered a sewer
  5839 | Sewer    | Reached skill level 6 in Spellcasting
  5839 | Sewer    | Reached XP level 8. HP: 57/57 MP: 8/17
  5856 | Sewer    | Lost mutation: Your body sometimes deteriorates upon taking damage. [potion of mutation]
  5856 | Sewer    | Lost mutation: You have very sharp teeth. [potion of mutation]
  5856 | Sewer    | Lost mutation: You have large cloven feet. [potion of mutation]
  5856 | Sewer    | Gained mutation: You are somewhat resistant to further mutation. [potion of mutation]
  6066 | D:6      | Reached * piety under Sif Muna
  6731 | D:6      | Noticed Prince Ribbit
  6743 | D:6      | Killed Prince Ribbit
  6869 | D:6      | Found a shimmering altar of Xom.
  7005 | D:6      | Reached skill level 7 in Spellcasting
  7013 | D:6      | Reached skill level 5 in Invocations
  7159 | D:6      | Lost dexterity.
  7481 | D:6      | Found a hazy altar of Hepliaklqana.
  7636 | D:6      | Reached XP level 9. HP: 20/62 MP: 16/20
  7901 | D:7      | Found Norchas's Serpentskin Sales.
  7929 | D:7      | Noticed braks's ghost (novice OpFi)
  7965 | D:7      | Found Ijeer's Food Shop.
  8005 | D:7      | Found a sacrificial altar of Ru.
  8046 | D:7      | Found a sand-covered staircase.
  8053 | Ossuary  | Entered an ossuary
  8572 | Ossuary  | Reached ** piety under Sif Muna
  8756 | Ossuary  | Reached skill level 8 in Spellcasting
 10214 | D:7      | Found a glowing silver altar of Zin.
 10445 | D:7      | Found a radiant altar of Vehumet.
 10548 | D:8      | Found a burning altar of Makhleb.
 10548 | D:8      | Noticed an Executioner
 10551 | D:8      | Noticed a hellwing
 10621 | D:8      | Learned a level 3 spell: Conjure Flame
 10624 | D:8      | Learned a level 2 spell: Blink
 10702 | D:8      | Noticed p0werm0de's ghost (novice DsAE)
 11160 | D:8      | Found a white marble altar of Elyvilon.
 11185 | D:8      | Killed p0werm0de's ghost
 11600 | D:8      | Reached skill level 9 in Spellcasting
 11967 | D:9      | Found an opulent altar of Gozag.
 12057 | D:9      | Reached *** piety under Sif Muna
 12313 | D:9      | Reached XP level 10. HP: 42/69 MP: 17/23
 12325 | D:9      | Learned a level 1 spell: Magic Dart
 12567 | D:9      | Found a stormy altar of Qazlal.
 12733 | D:9      | Found a staircase to the Lair.
 12913 | D:10     | Entered Level 10 of the Dungeon
 13273 | D:10     | Killed an unseen horror
 13273 | D:10     | Reached skill level 10 in Spellcasting
 13577 | D:10     | Noticed Psyche
 13585 | D:10     | Killed Psyche
 13888 | D:10     | Noticed a two-headed ogre
 13901 | D:10     | Slain by a two-headed ogre

Vault maps used:
D:1:      lightli_arrival_flooded_house, minmay_misc_feat_x
D:2:      overflow_temple_1_default, uniq_robin
D:3:      uniq_jessica
D:4:      grunt_temple_overflow_holy_war, nemelex_xobeh_ov_fountains_minmay,
          lemuel_coloured_pillars_altar, minmay_temple_entry_overgrown,
          first_bread, yredelemnul_altar_generic, uniq_menkaure
D:5:      basic_altar, serial_shops, nicolae_shop_crystal
D:6:      kiku_gazebo_garden_becter, kennysheep_mini, gup_sewer_entry_bowl,
          basic_altar, minmay_misc_feat_square, uniq_prince_ribbit1
D:7:      lemuel_round_altar, old_standard_altar, nicolae_ru_awakened_eye,
          serial_shops, shop, chequers_ossuary_entry_cave, guppyfry_shop_venom
D:8:      makhleb_altar_promises_db, basic_altar, nicolae_sextant
D:9:      kennysheep_little_box, nicolae_overflow_crystal_walls,
          david_lair_shrubbed
D:10:     orc_0_dummy, hangedman_ranch, uniq_psyche
Temple:   compressed_dpeg_triangle_lava_temple
Sewer:    sewer_the_crocodile
Ossuary:  ossuary_tomb_2

Skill      XL: |  1  2  3  4  5  6  7  8  9 10 |
---------------+-------------------------------+-----
Conjurations   | 2 3 4 5 6 8 9 |  9.2
Poison Magic   | 4 5 |  5.5
Spellcasting   | 3 5 6 7 9 10 | 10.1
Invocations    | 1 3 5 7 9 |  9.1
Dodging        | |  1.7
Stealth        | |  1.7

Action                   |  1- 3 |  4- 6 |  7- 9 | 10-12 || total
-------------------------+-------+-------+-------+-------++-------
Melee: Unarmed           |    11 |       |       |       ||    11
       Short sword       |    47 |    34 |       |       ||    81
       Tailslap          |     4 |     6 |    50 |     2 ||    62
       Dagger            |       |    40 |   821 |    18 ||   879
       Bite              |       |       |     1 |       ||     1
 Cast: Sting             |    40 |    88 |   196 |       ||   324
       Poisonous Vapours |     4 |    24 |    68 |    22 ||   118
       Olgreb's Toxic Ra |       |       |     7 |     1 ||     8
       Blink             |       |       |     9 |     3 ||    12
       Conjure Flame     |       |       |     6 |    15 ||    21
       Magic Dart        |       |       |       |   112 ||   112
Invok: Channel Magic     |       |       |       |     3 ||     3
 Abil: Breathe Dispellin |       |       |    13 |     3 ||    16
Evoke: Wand              |       |       |     6 |       ||     6
  Use: Scroll            |       |       |    23 |     2 ||    25
       Potion            |       |       |     5 |     1 ||     6
 Stab: Distracted        |       |       |     1 |       ||     1
       Sleeping          |       |       |     5 |       ||     5
  Eat: Chunk             |     1 |     8 |    41 |     6 ||    56
       Meat ration       |       |     1 |       |       ||     1
Armor: Skin              |    35 |    40 |   552 |    23 ||   650
Dodge: Dodged            |    56 |    79 |   596 |    32 ||   763
